Map: 16-Bit LE

Players

Scarlett - Winner!

  • Race: Zerg Zerg
  • Spawn Location: 1:00

PtitDrogo

  • Race: Protoss Protoss
  • Spawn Location: 7:00

VOD

Have the link to the VOD?

Description

Time

  • Played on: July 12, 2018, 2:26 p.m.
  • Length: 8:45
Show
View Real Time Build Order
Export as new Build Order

Scarlett Zerg - Winner!

Build Orders: Hatch First, Swarm Host 

Get SALT Encoding   

  12  0:00  Drone  
  13  0:12  Overlord  
  13  0:17  Drone  
  14  0:30  Drone x2  
  14  0:34  Drone  
  17  0:52  Hatchery  
  17  0:55  Drone  
  17  0:58  Drone  
  18  1:10  Extractor  
  17  1:13  Spawning Pool  
  17  1:16  Drone  
  17  1:20  Drone  
  18  1:29  Drone  
  19  1:38  Drone  
  20  1:50  Overlord  
  20  2:00  Queen  
  22  2:04  Queen  
  22  2:05  Drone x2  
  26  2:12  Metabolic Boost, Drone  
  27  2:15  Drone  
  28  2:30  Drone x2  
  28  2:36  Queen  
  32  2:39  Queen  
  32  2:40  Overlord  
  34  2:46  Drone x2  
  34  2:49  Overlord  
  36  3:00  Drone x2  
  36  3:05  Drone  
  39  3:08  Drone x3  
  39  3:11  Drone  
  39  3:12  Drone x2  
  45  3:15  Lair  
  45  3:19  Overlord  
  45  3:21  Zergling x2  
  45  3:23  Zergling x2  
  47  3:27  Extractor  
  47  3:28  Extractor  
  47  3:30  Overlord  
  45  3:34  Queen  
  45  3:37  Drone  
  45  3:39  Drone  
  49  3:44  Spore Crawler  
  49  3:45  Drone  
  49  3:46  Drone  
  49  3:47  Overlord  
  50  3:52  Drone x3  
  53  3:56  Extractor  
  53  4:00  Drone x3  
  53  4:01  Drone  
  56  4:11  Drone x2  
  56  4:15  Nydus Network  
  56  4:16  Drone  
  58  4:19  Infestation Pit  
  58  4:23  Drone x2  
  58  4:24  Overlord  
  59  4:28  Zergling x4  
  61  4:33  Zergling x4  
  61  4:34  Overlord  
  63  4:39  Overlord  
  63  4:54  Swarm Host x5  
  63  4:59  Drone  
  79  5:02  Nydus Canal  
  79  5:06  Overlord  
  79  5:07  Swarm Host  
  82  5:15  Swarm Host  
  85  5:24  Swarm Host  
  88  5:30  Swarm Host  
  88  5:31  Overlord  
  88  5:33  Hatchery, Zergling x2  
  88  5:34  Zergling x8  
  95  5:42  Swarm Host  
  98  5:43  Overlord  
  98  5:50  Swarm Host x2  
  98  5:56  Zergling x4  
  98  5:57  Zergling x4  
  108  6:02  Swarm Host  
  108  6:03  Swarm Host  
  114  6:10  Overlord  
  114  6:13  Zergling x2  
  114  6:15  Hydralisk Den  
  114  6:18  Overlord  
  114  6:19  Overlord  
  114  6:27  Overlord  
  114  6:34  Swarm Host x2, Nydus Canal  
  114  6:37  Zergling x4  
  114  6:38  Zergling x2  
  121  6:42  Drone  
  121  6:53  Zergling x2  
  121  6:54  Zergling x8  
  123  6:59  Zergling x2  
  123  7:00  Zergling x2  
  123  7:03  Muscular Augments  
  123  7:08  Zergling x4  
  123  7:09  Zergling x2  
  126  7:20  Nydus Canal  
  126  7:41  Hydralisk x10  
  126  7:43  Queen x3  
  152  7:45  Evolution Chamber  
  151  7:57  Hydralisk, Swarm Host  
  153  8:01  Overlord x3  
  150  8:11  Hydralisk x2  
  149  8:19  Hydralisk x3  
Show
View Real Time Build Order
Export as new Build Order

PtitDrogo Protoss 

Build Orders: 1 Gate Expand, Oracle Opening 

Get SALT Encoding   

  12  0:00  Probe  
  13  0:13  Probe  
  14  0:18  Pylon  
  14  0:25  Probe  
  15  0:30  Assimilator  
  15  0:33  Probe  
  15  0:41  Probe  
  16  0:48  Gateway  
  17  0:51  Probe  
  18  1:03  Probe  
  19  1:15  Probe  
  20  1:25  Nexus  
  20  1:35  Cybernetics Core  
  20  1:38  Probe  
  21  1:44  Assimilator  
  21  1:50  Probe  
  21  1:53  Pylon  
  22  2:01  Stalker  
  22  2:02  Probe  
  23  2:15  Probe  
  26  2:18  Stargate  
  26  2:25  Warp Gate  
  26  2:26  Probe  
  27  2:31  Adept  
  27  2:34  Probe x2  
  29  2:42  Probe  
  29  2:43  Probe  
  33  2:52  Probe  
  33  2:53  Probe  
  33  2:54  Oracle  
  35  2:58  Adept  
  35  3:04  Probe  
  41  3:08  Probe  
  42  3:16  Probe  
  42  3:19  Pylon  
  43  3:20  Probe  
  44  3:27  Oracle  
  44  3:28  Probe  
  44  3:32  Probe  
  46  3:40  Probe  
  50  3:44  Probe  
  50  3:47  Nexus  
  51  3:51  Pylon  
  51  3:53  Probe  
  52  3:56  Probe  
  52  3:57  Pylon  
  53  4:06  Assimilator  
  53  4:07  Assimilator  
  53  4:08  Probe  
  54  4:10  Probe  
  54  4:13  Robotics Facility  
  52  4:20  Gateway  
  52  4:22  Gateway  
  52  4:24  Probe  
  52  4:27  Shield Battery  
  53  4:31  Sentry  
  55  4:39  Probe x2  
  55  4:42  Pylon  
  57  4:51  Probe  
  58  4:53  Twilight Council, Probe  
  58  4:54  Forge  
  58  4:55  Zealot  
  58  4:57  Immortal  
  61  5:00  Probe  
  61  5:03  Probe  
  61  5:05  Probe  
  68  5:12  Probe  
  69  5:15  Probe  
  71  5:22  Stalker  
  71  5:25  Sentry x2  
  71  5:28  Shield Battery  
  76  5:30  Shield Battery  
  76  5:31  Shield Battery  
  76  5:32  Shield Battery  
  76  5:33  Photon Cannon  
  76  5:41  Protoss Ground Weapons Level 1  
  69  5:47  Probe  
  67  5:50  Stalker x3  
  73  5:57  Probe  
  73  6:02  Probe  
  72  6:10  Probe  
  73  6:11  Assimilator  
  73  6:13  Assimilator  
  73  6:14  Zealot x3  
  79  6:21  Probe x2  
  79  6:24  Gateway, Charge  
  81  6:26  Photon Cannon  
  81  6:28  Pylon  
  81  6:39  Templar Archives  
  81  6:45  Pylon  
  81  6:58  Immortal  
  81  7:03  Probe x2  
  85  7:20  Zealot  
  85  7:22  Gateway  
  86  7:25  Gateway  
  86  7:28  Gateway  
  85  7:33  Pylon  
  85  7:34  Pylon  
  79  7:38  Pylon  
  79  7:39  Pylon  
  79  7:46  Pylon  
  79  7:47  Pylon  
  79  7:51  Probe  
  79  7:55  Zealot x2  
  79  7:59  High Templar x2  
  79  8:04  Archon  
  79  8:05  Probe  
  72  8:08  Probe  
  66  8:16  Zealot x2  
  59  8:32  High Templar x2  
  61  8:38  High Templar x2  
Tags
 
Add a new tag
Caveats
  • Supply blocks, unpowered buildings, or Contaminate may cause inaccurate times.
  • Supply counts are checked every 10 seconds.